 Dungeon Crawl Stone Soup version 0.17-a0-1485-g22cb0ee (webtiles) character file.

117 emikaela the Skirmisher (level 5, -4/38 HPs)
             Began as an Octopode Wanderer on July 5, 2015.
             Was a Follower of Nemelex Xobeh.
             Slain by an orc
             ... wielding a +0 trident
              (8 damage)
             ... on level 3 of the Dungeon.
             The game lasted 00:07:09 (3333 turns).

emikaela the Skirmisher (Octopode Wanderer)         Turns: 3333, Time: 00:07:10

Health: -4/38      AC:  1    Str:  9    XL:     5   Next: 1%
Magic:  8/8        EV: 12    Int: 17    God:    Nemelex Xobeh [*.....]
Gold:   103        SH:  0    Dex: 15    Spells: 0 memorised, 8 levels left

rFire  . . .     SeeInvis .     b - +0 hand axe
rCold  . . .     Clarity  .     (no shield)
rNeg   . . .     SustAt   .     (helmet restricted)
rPois  .         Gourm    .     (no amulet)
rElec  .         Spirit   .     q - +3 ring of dexterity
rCorr  .         Warding  .     (no ring)
rMut   .         Stasis   .     (no ring)
MR     .....                    (no ring)
Stlth  +++.......               (no ring)
                                (no ring)
                                (no ring)
                                (no ring)

@: not resistant to hostile enchantments, fairly stealthy
A: almost no armour, amphibious, 8 rings, constrict 8, camouflage 1, gelatinous
body 1
a: Renounce Religion


You were on level 3 of the Dungeon.
You worshipped Nemelex Xobeh.
Nemelex Xobeh was aware of your devotion.
You were hungry.

You visited 1 branch of the dungeon, and saw 3 of its levels.

You collected 103 gold pieces.

Inventory:

Hand weapons
 b - a +0 hand axe (weapon)
 d - a +1 blowgun
Missiles
 c - 8 poisoned needles
 g - 119 stones
 j - 52 sling bullets
 s - 19 bolts
 t - 19 arrows
 y - 2 tomahawks (quivered)
Armour
 a - a +0 shield
Jewellery
 q - a +3 ring of dexterity (left tentacle)
Scrolls
 h - a scroll of teleportation {unknown}
 i - a scroll of enchant weapon
 k - a scroll of magic mapping
 m - a scroll of remove curse
 n - a scroll of fog {unknown}
 u - 2 scrolls of identify {unknown}
 x - a scroll of immolation {unknown}
Potions
 l - 2 potions of haste {unknown}
 p - 3 potions of resistance {unknown}
 v - 2 potions of lignification {unknown}
 z - a potion of poison {unknown}
 B - a potion of curing {unknown}
Miscellaneous
 r - a plain deck of destruction
 w - a legendary deck of destruction
Comestibles
 e - 3 bread rations
 f - 3 slices of pizza
 o - 4 meat rations
 A - a chunk of flesh


   Skills:
 + Level 4.8 Fighting
 - Level 1.0 Axes
 + Level 1.2 Throwing
 - Level 2.0 Dodging
 - Level 3.0 Stealth
 - Level 1.0 Shields
 - Level 2.0 Spellcasting
   Level 1.0 Earth Magic
 * Level 1.4 Evocations


You had 8 spell levels left.
You didn't know any spells.

Dungeon Overview and Level Annotations

Branches:
Dungeon (3/15)

Altars:
Nemelex Xobeh
Okawaru


Innate Abilities, Weirdness & Mutations

You cannot wear most types of armour.
You are amphibious.
You can wear up to eight rings at the same time.
You can use your tentacles to constrict eight enemies at once.
Your skin changes colour to match your surroundings (Stealth).
Your rubbery body absorbs attacks (AC +1).


Message History

You barely miss the giant cockroach. The giant cockroach barely misses you.
The orc barely misses you.
You hit the giant cockroach but do no damage.
You grab the giant cockroach.
You constrict the giant cockroach, but do no damage.
The giant cockroach bites you.
The orc hits you from afar with a trident!
* * * LOW HITPOINT WARNING * * *
The giant cockroach closely misses you.
You hit the giant cockroach. You squeeze the giant cockroach.
You kill the giant cockroach!
The orc barely misses you. The orc hits you with a trident.
* * * LOW HITPOINT WARNING * * *
You see here a jackal corpse.
You closely miss the orc. Your grab misses the orc. You hit the rat.
You kill the rat!
The orc hits you with a trident!
You die...
Your body disappears without a glow.

# #.# #.#.# *#....,...,##(#
#####.# #<#.#*#....,,#.***#.#
....#.# ##.#.##....<,,*,,,,...
###.#.######....#......,,,,,**###
###.#............(....,,,*,,*
..........##......#,,,,,,*,,*
.......##.....#...#*,,,*,*,,*
.......##.#####.†.#**,,*,*,,*
.......##.#***#.@.#**,**,*,,*
.......##.......o.......,,,,*
..........######..##....,*,,*
.......##.# #...,*...,*,,*
########*,* #....,*..*,,,* * **,*
#.....***,,,** * * *,,*
#....##*,,,,* * * *,**
**#...#.,*,,,,* * *
*,*****,,,,*,,,,*,,,* *


You could see an orc.

Vanquished Creatures
  5 adders (D:2)
  A shadow imp (D:3)
  A worm (D:3)
  5 orcs (D:3)
  A ball python (D:3)
  3 bats (D:1)
  A bat skeleton (D:2)
  5 giant cockroaches
  3 goblins (D:2)
  8 hobgoblins
  3 kobolds (D:1)
  A ball python zombie (D:2)
  4 giant newts
  6 jackals
  2 quokkas (D:2)
  8 rats
57 creatures vanquished.

Notes
Turn   | Place    | Note
--------------------------------------------------------------
     0 | D:1      | emikaela the Octopode Wanderer began the quest for the Orb.
     0 | D:1      | emikaela set off with: a +0 shield, a +0 hand axe, 8 poisoned needles, a +0 blowgun, a bread ration
     0 | D:1      | Reached XP level 1. HP: 17/17 MP: 3/3
   736 | D:1      | Reached skill level 1 in Stealth
  1002 | D:1      | Reached XP level 2. HP: 18/22 MP: 5/5
  1817 | D:2      | Found a sparkling altar of Nemelex Xobeh.
  1843 | D:2      | Reached skill level 1 in Dodging
  1843 | D:2      | Reached XP level 3. HP: 25/27 MP: 6/6
  1850 | D:2      | Became a worshipper of Nemelex Xobeh the Trickster
  1898 | D:2      | Received a gift from Nemelex Xobeh
  1910 | D:2      | Found an iron altar of Okawaru.
  2462 | D:2      | Reached XP level 4. HP: 27/34 MP: 7/7
  3195 | D:3      | Received a gift from Nemelex Xobeh
  3258 | D:3      | Reached skill level 1 in Evocations
  3329 | D:3      | Reached XP level 5. HP: 16/38 MP: 8/8
  3333 | D:3      | Slain by an orc

Vault maps used:
D:1:      saegor_arrival_simple_d, glass_columns_a, nrook_loot_triangle,
          minivault_24, minivault_11, minmay_misc_feat_five
D:2:      nemelex_xobeh_ov_fountains_minmay, okawaru_trees_2, serial_undead,
          serial_undead_b, serial_undead_c, serial_undead_e, serial_undead_c,
          serial_undead_c
D:3:      first_bread, minmay_misc_feat_chi

Action                   |  1- 3 |  4- 6 || total
-------------------------+-------+-------++-------
Melee: Hand axe          |    81 |    41 ||   122
Throw: Tomahawk          |       |     2 ||     2
  Use: Scroll            |       |     3 ||     3
 Stab: Sleeping          |    14 |     3 ||    17
       Distracted        |       |     1 ||     1
  Eat: Chunk             |     5 |     2 ||     7
